 Dungeon Crawl Stone Soup version 0.31-a0-986-g5e6e4ef867 (webtiles) character file.

Game seed: 11177853700140328525

2074 grandjackal the Trooper (level 9, -2/73 HPs)
             Began as a Demonspawn Gladiator on Nov 20, 2023.
             Was an Initiate of Dithmenos.
             Slain by an orc warrior
             ... wielding a +0 short sword
              (8 damage)
             ... on level 7 of the Dungeon.
             The game lasted 00:09:15 (4854 turns).

grandjackal the Trooper (Demonspawn Gladiator)      Turns: 4854, Time: 00:09:16

Health: -2/73      AC:  7    Str: 18    XL:     9   Next: 6%
Magic:  10/10      EV: 16    Int:  8    God:    Dithmenos [......]
Gold:   359        SH:  0    Dex: 25    Spells: 8/8 levels left

rFire   . . .        a - +1 long sword
rCold   . . .        (no shield)
rNeg    + . .        E - +0 steam dragon scales
rPois   .            (helmet restricted)
rElec   .            y - +0 cloak
rCorr   .            (no gloves)
SInv    .            (no boots)
Will    .....        r - amulet of regeneration
Stlth   +++          b - +6 ring of dexterity
HPRegen 1.12/turn    B - ring of positive energy
MPRegen 0.12/turn

%: no passive effects
@: on berserk cooldown, slowed, very slow
A: antennae 1, rugged brown scales 1, powered by death 1, agile 1, sense
surroundings 1, MP-powered wands
a: Renounce Religion


You were on level 7 of the Dungeon.
You worshipped Dithmenos.
Dithmenos was noncommittal.
You visited 1 branch of the dungeon, and saw 7 of its levels.

You collected 359 gold pieces.

Inventory:

Hand Weapons
 a - a +1 long sword (weapon)
 t - a +1 short sword of speed
Missiles
 e - a javelin
 i - 9 poisoned darts (quivered)
 j - 3 boomerangs
 F - 2 curare-tipped darts
Armour
 y - a +0 cloak (worn)
 E - +0 steam dragon scales (worn)
Jewellery
 b - a +6 ring of dexterity (left hand)
 r - an amulet of regeneration (around neck)
 A - an amulet of guardian spirit
 B - a ring of positive energy (right hand)
Wands
 p - a wand of mindburst (13)
 C - a wand of flame (13)
Scrolls
 f - 3 scrolls of enchant weapon
 h - 2 scrolls of amnesia {unknown}
 k - a scroll of summoning
 m - a scroll of brand weapon
 n - a scroll of fear
 o - 3 scrolls of revelation {unknown}
 s - a scroll of immolation {unknown}
 u - 2 scrolls of blinking {unknown}
 x - 3 scrolls of silence {unknown}
 z - a scroll of torment
 D - a scroll of teleportation
Potions
 c - a potion of enlightenment
 l - a potion of curing
 q - a potion of brilliance
 v - a potion of mutation
 w - a potion of attraction
 G - a potion of berserk rage


   Skills:
 + Level 6.4 Fighting
 + Level 6.2 Long Blades
 - Level 2.0 Throwing
 - Level 3.3 Armour
 + Level 4.9 Dodging
 - Level 5.0 Stealth
 + Level 1.3 Invocations


You had 8 spell levels left.
You didn't know any spells.
Your spell library contained the following spells:

 Spells                   Type           Power      Damage    Failure   Level
 Ozocubu's Armour         Ice            0%         N/A       78%         3
 Tukima's Dance           Hex            0%         N/A       78%         3
 Dimensional Bullseye     Hex/Tloc       0%         N/A       99%         4
 Iskenderun's Mystic Bla  Conj/Tloc      0%         2d3       99%         4
 Ozocubu's Refrigeration  Ice            0%         4d7       100%        7


Dungeon Overview and Level Annotations

Branches:
Dungeon (7/15)
 Temple: D:4-7

Altars:
Ashenzari
Dithmenos
Trog
Wu Jian

Shops:
D:6 :

Annotations:
D:3 3 runed translucent doors, Eugor's ghost, amateur DECj; mewnfare's ghost, amateur FoFi
D:4 Pikel
D:5 1 runed translucent door, gebbletook2's ghost, novice VSFi


Innate Abilities, Weirdness & Mutations

You have a pair of small antennae on your head.
You are partially covered in rugged brown scales. (AC +1, +3% HP)
You regenerate a little health from kills.
You are agile. (Dex +4, Str/Int -1)
You passively map a small area around you.
You expend magic power (3 MP) to strengthen your wands.


Message History

* * * LOW HITPOINT WARNING * * *
Unknown command.
You hit the orc warrior but do no damage.
The orc warrior is heavily wounded.
The orc warrior hits you with a +0 short sword.
* * * LOW HITPOINT WARNING * * *
The orc wizard misses you.
The orc warrior hits you with a +0 short sword.
* * * LOW HITPOINT WARNING * * *
You hit the orc warrior but do no damage.
The orc warrior is heavily wounded.
The orc wizard closely misses you. The orc warrior barely misses you.
The orc wizard closely misses you. The orc warrior completely misses you.
You hit the orc warrior.
The orc warrior is severely wounded.
The orc wizard gestures at you while chanting.
The magic dart hits you.
* * * LOW HITPOINT WARNING * * *
The orc warrior barely misses you. The orc wizard closely misses you.
You hit the orc warrior but do no damage.
The orc warrior is severely wounded.
The orc warrior barely misses you. The orc wizard barely misses you.
The orc warrior barely misses you.
You hit the orc warrior.
The orc warrior is almost dead.
The orc wizard hits you but does no damage.
The orc warrior hits you with a +0 short sword.
* * * LOW HITPOINT WARNING * * *
The orc wizard hits you but does no damage.
The orc warrior hits you with a +0 short sword.
* * * LOW HITPOINT WARNING * * *
You hit the orc warrior.
The orc warrior is almost dead.
The orc wizard misses you. The orc warrior closely misses you.
The orc wizard closely misses you.
Unknown command.
You closely miss the orc warrior.
The orc warrior is almost dead.
The orc warrior hits you with a +0 short sword!
You die...

###########...#.....#
..............#.....#
'############'#.....#
...............######
...............'...#
...............#...#
...............#...#
...............#...#
...............#@..#
...............#oo.#
...............#...#
###+############...#
, , #(..)# #(...# *
#...)# * ##...# , , ,
#.).#


You could see an orc warrior and an orc wizard.

Vanquished Creatures
  Grinder (D:3)
  Menkaure (D:4)
  A steam dragon (D:6)
  4 water moccasins
  A sky beast (D:7)
  A black bear (D:5)
  A centaur (D:6)
  An ogre (D:6)
  4 lemures (D:4)
  A bullfrog (D:6)
  A scorpion (D:5)
  2 howler monkeys (D:5)
  Crazy Yiuf (D:4)
  3 orc priests
  3 hounds
  2 iguanas
  2 sleepcaps
  7 orc wizards
  7 gnolls
  6 adders
  A dart slug (D:4)
  19 orcs
  4 bats
  5 endoplasms
  4 giant cockroaches
  4 hobgoblins
  3 jackals (D:5)
  5 kobolds
  3 quokkas
  5 ball pythons
  3 frilled lizards
  10 goblins
  5 rats
121 creatures vanquished.

Notes
Turn   | Place    | Note
-------+----------+-------------------------------------------
     0 | D:1      | grandjackal the Demonspawn Gladiator began the quest for
                  | the Orb.
     0 | D:1      | Reached XP level 1. HP: 16/16 MP: 1/1
   159 | D:1      | Gained mutation: You have a pair of small antennae on your
                  | head. [demonic ancestry]
   159 | D:1      | Reached XP level 2. HP: 22/22 MP: 2/2
   965 | D:2      | Reached XP level 3. HP: 25/28 MP: 3/3
  1306 | D:1      | Reached skill level 1 in Stealth
  1366 | D:2      | Reached XP level 4. HP: 27/34 MP: 4/4
  1537 | D:2      | Found a faded altar of an unknown god.
  1893 | D:3      | Found a runed translucent gate.
  1895 | D:3      | Found a runed translucent gate.
  1895 | D:3      | Found a runed translucent gate.
  1897 | D:3      | Noticed mewnfare's ghost (amateur FoFi)
  1897 | D:3      | Noticed Eugor's ghost (amateur DECj)
  1999 | D:3      | Noticed Grinder
  2002 | D:3      | Paralysed by Grinder for 5 turns
  2025 | D:3      | Gained mutation: You passively map a small area around you.
                  | [potion of mutation]
  2025 | D:3      | Gained mutation: You expend magic power (3 MP) to
                  | strengthen your wands. [potion of mutation]
  2025 | D:3      | Gained mutation: You are agile. (Dex +4, Str/Int -1)
                  | [potion of mutation]
  2030 | D:3      | Paralysed by Grinder for 4 turns
  2048 | D:3      | Paralysed by Grinder for 4 turns
  2061 | D:3      | Killed Grinder
  2062 | D:3      | Reached XP level 5. HP: 29/41 MP: 5/5
  2062 | D:3      | Reached XP level 6. HP: 33/47 MP: 6/6
  2684 | D:4      | Found a runed translucent door.
  2685 | D:4      | Noticed Crazy Yiuf
  2700 | D:4      | Noticed Pikel
  2717 | D:4      | Noticed Menkaure
  2734 | D:4      | Killed Menkaure
  2735 | D:4      | Gained mutation: You are partially covered in rugged brown
                  | scales. (AC +1, +3% HP) [demonic ancestry]
  2735 | D:4      | Reached XP level 7. HP: 4/55 MP: 7/7
  3169 | D:4      | Killed Crazy Yiuf
  3200 | D:5      | Entered Level 5 of the Dungeon
  3503 | D:5      | Found an ornate altar of the Wu Jian Council.
  3801 | D:5      | Reached skill level 5 in Long Blades
  3804 | D:5      | Reached skill level 5 in Fighting
  3812 | D:5      | Gained mutation: You regenerate a little health from kills.
                  | [demonic ancestry]
  3812 | D:5      | Reached XP level 8. HP: 38/63 MP: 8/8
  3872 | D:5      | Found a runed translucent door.
  3874 | D:5      | Noticed gebbletook2's ghost (novice VSFi)
  3900 | D:5      | Noticed an angel
  4055 | D:6      | HP: 1/63 [something/puff of flame (11)]
  4177 | D:6      | Reached skill level 5 in Stealth
  4241 | D:6      | Found Hawalonyum's Book Shoppe.
  4630 | D:7      | Found a shadowy altar of Dithmenos.
  4639 | D:7      | Became a worshipper of Dithmenos the Shadowed
  4651 | D:7      | Reached XP level 9. HP: 33/72 MP: 9/9
  4754 | D:7      | Found a broken altar of Ashenzari.
  4767 | D:7      | Found a bloodstained altar of Trog.
  4815 | D:7      | Reached skill level 1 in Invocations
  4852 | D:7      | HP: 2/73 [orc warrior/+0 short sword (6)]
  4854 | D:7      | Slain by an orc warrior

Illustrated notes

Levels and vault maps discovered:
D:1:      dpeg_arrival_refuge, layout_basic, minmay_cupped
D:2:      cheibrodos_helix_gallery, layout_basic, nicolae_ecumenical_lake_church
D:3:      layout_loops_ring, gammafunk_ghost_cemetery, serial_bayou_pond_b,
          uniq_grinder
D:4:      layout_basic, st_stairs_7, uniq_pikel, uniq_menkaure,
          uniq_crazy_yiuf_cottage
D:5:      layout_basic, zin_angel, nicolae_wu_jian_wuxing_cycle,
          ebering_ghost_sewer_d
D:6:      layout_cave_pools, serial_shops, nicolae_book_shop_shelving
D:7:      layout_gridville, mainiacjoe_overflow_small_starburst,
          ashenzari_altar_1, mainiacjoe_overflow_surrounded_room,
          mainiacjoe_overflow_alcove_2, lemuel_coloured_pillars_altar,
          nicolae_uskayaw_suspiria, minmay_temple_entry_trees,
          lightli_church_of_beogh, uniq_jeremiah

Skill      XL: |  1  2  3  4  5  6  7  8  9 |
---------------+----------------------------+-----
Throwing       | 2 |  2.0
Long Blades    | 3 4 5 6 |  6.2
Dodging        | 3 4 |  4.9
Stealth        | 1 2 3 4 5 |  5.0
Fighting       | 3 4 5 6 |  6.4
Armour         | 2 3 |  3.3
Invocations    | 1 |  1.3

Action                     |  1- 3 |  4- 6 |  7- 9 || total
---------------------------+-------+-------+-------++-------
  Melee: Long sword        |    73 |   159 |   212 ||   444
         Punch             |       |     2 |     4 ||     6
         Short sword       |       |       |    11 ||    11
  Throw: Throwing net      |       |     1 |     3 ||     4
         Dart              |       |     1 |       ||     1
    Use: Potion            |       |     7 |     1 ||     8
         Scroll            |       |     1 |     7 ||     8
   Stab: Sleeping          |       |     1 |     6 ||     7
         Held in net/web   |       |       |     1 ||     1
 Armour: Leather armour    |    42 |       |       ||    42
         Ring mail         |    26 |   116 |   124 ||   266
         Steam dragon scal |       |       |    91 ||    91
  Dodge: Dodged            |    61 |    93 |   223 ||   377

Table legend: (Time is in decaauts)
 A = Elapsed time spent in this place.
 B = Non-inter-level travel time spent in this place.
 C = Inter-level travel time spent in this place.
 D = Time resting spent in this place.
 E = Time spent auto-exploring this place.
 F = Levels seen in this place.
 G = Mean time per level.
                   A        B        C        D        E       F      G
               +--------+--------+--------+--------+--------+-----+--------+
         Total |   4937 |   4730 |    207 |    260 |   3252 |   7 |  705.3 |
       Dungeon |   4937 |   4730 |    207 |    260 |   3252 |   7 |  705.3 |
               +--------+--------+--------+--------+--------+-----+--------+

Top non-repeatable levels by time:
     D:1: 919 daAuts
     D:3: 890 daAuts
     D:2: 865 daAuts
     D:5: 815 daAuts
     D:6: 626 daAuts
     D:4: 582 daAuts
     D:7: 237 daAuts
